AoeStats
← Pandaduongvat

Golden Pit

510089319Analyzed
1v1 RM · 1d ago on Sep 29, 2026· 27m 28s· 2 players
Game mode
Random Map
Map size
Tiny (2 player)
Population
200
Speed
Normal
Resources
Standard
Victory
Conquest
Starting age
Dark Age
Ending age
Imperial Age
RankedLock teamsTeams togetherTeam positionsShared explorationLock speedFull tech treeHidden civsTurbo modeCheats
Victory
Defeat
🇨🇿 Britons · Czechia
1031
+17
🇨🇴 Spanish · Colombia
1046
-36
Pandaduongvat
6:32 Loom
8:57 Feudal Age
13:14 Double-Bit Axe
16:16 Fletching
20:51 Castle Age
21:12 Crossbowman
22:03 Bow Saw
21:34 Horse Collar
23:58 Padded Archer Armor
24:34 Heavy Plow
25:58 Bodkin Arrow
26:30 Ballistics
27:56 Leather Archer Armor
gl142541
6:23 Loom
9:13 Feudal Age
18:31 Castle Age
17:44 Double-Bit Axe
18:38 Padded Archer Armor
18:45 Stone Mining
24:36 Scale Barding Armor
Connection lost

Rejoining the realm…

Still unreachable

The connection could not be restored.

Session expired

The server has moved on; the page needs a fresh start.